Workbook
Name \0: #REF!
Name _________________________esc15: "#ref!"
Name _________________________esc4: "#ref!"
Name _________________________esc6: "#ref!"
Name ________________________esc15: "#ref!"
Name ________________________esc4: "#ref!"
Name ________________________esc6: "#ref!"
Name _______________________esc15: "#ref!"
Name _______________________esc4: "#ref!"
Name _______________________esc6: "#ref!"
Name ______________________esc15: "#ref!"
Name ______________________esc4: "#ref!"
Name ______________________esc6: "#ref!"
Name ____________________esc15: "#ref!"
Name ____________________esc4: "#ref!"
Name ____________________esc6: "#ref!"
Name ___________________esc15: "#ref!"
Name ___________________esc4: "#ref!"
Name ___________________esc6: "#ref!"
Name __________________esc15: "#ref!"
Name __________________esc4: "#ref!"
Name __________________esc6: "#ref!"
Name _________________esc15: "#ref!"
Name _________________esc4: "#ref!"
Name _________________esc6: "#ref!"
Name _______________esc15: "#ref!"
Name _______________esc4: "#ref!"
Name _______________esc6: "#ref!"
Name ______________esc15: "#ref!"
Name ______________esc4: "#ref!"
Name ______________esc6: "#ref!"
Name _____________esc15: "#ref!"
Name _____________esc4: "#ref!"
Name _____________esc6: "#ref!"
Name ____________esc15: "#ref!"
Name ____________esc4: "#ref!"
Name ____________esc6: "#ref!"
Name ___________esc15: "#ref!"
Name ___________esc4: "#ref!"
Name ___________esc6: "#ref!"
Name __________esc15: "#ref!"
Name __________esc4: "#ref!"
Name __________esc6: "#ref!"
Name _________esc15: "#ref!"
Name _________esc4: "#ref!"
Name _________esc6: "#ref!"
Name ________esc15: "#ref!"
Name ________esc4: "#ref!"
Name ________esc6: "#ref!"
Name _______esc15: "#ref!"
Name _______esc4: "#ref!"
Name _______esc6: "#ref!"
Name __esc15: #REF!
Name __esc4: #REF!
Name __esc6: #REF!
Name __xlnm_Database: "#ref!"
Name __xlnm_Recorder: "#ref!"
Name _esc15: "#ref!"
Name _esc4: "#ref!"
Name _esc6: "#ref!"

Sheet Planilha
C1: CF CONSTRUÇÕES E REFORMAS LTDA
C3: PLANILHA ORÇAMENTÁRIA
A5: CLIENTE: | C5: PREFEITURA MUNICIPAL DE SANTA LUZIA
A6: LOCAL | C6: ALAMEDA IBIRAPUERA NO BAIRRO SÃO BENEDITO, SANTA LUZIA, MINAS GERAIS | E6: BDI | G6: 0.2607
A7: OBJETO | C7: Contratação de Empresa Especializada para terminar a construção de Unidade Básica de Saúde (UBS) denominada Jabaquara, localizada na Alameda Ibirapuera no Bairro São Benedito, Santa Luzia, Minas Gerais, conforme condições, quantidades e exigências estabelecidas neste instrumento e seus anexos.
A8: Item | B8: Código | C8: Banco | D8: Descrição | E8: Und | F8: Quant. | G8: Valor Unit | H8: Valor Unit com BDI | I8: Total
A9: 1 | D9: CONFORME ACÓRDÃO TCU 2622/2013, LIMITADA À 6% DO VALOR TOTAL DA OBRA | I9: =ROUND(SUM(I10),2) -> 47052.19
A10: 1.1 | B10: CP001 | C10: Próprio | D10: ADMINISTRAÇÃO LOCAL | E10: UN | F10: 1 | G10: 37322.27 | H10: =ROUND(G10*(1.2607),2) -> 47052.19 | I10: =ROUND(H10*F10,2) -> 47052.19
A11: 2 | D11: SERVIÇOS PRELIMINARES | H11: =ROUND(G11*(1.2607),2) -> 0 | I11: =ROUND(SUM(I12:I16),2) -> 19360.4
A12: 2.1 | B12: ED-16343 | C12: SETOP | D12: LIGAÇÃO PROVISÓRIA DE ÁGUA E ESGOTO PARA CONTAINER (VESTIÁRIO DE OBRA), EXCLUSIVE CHUVEIRO ELÉTRICO | E12: un | F12: 1 | G12: 319.11 | H12: =ROUND(G12*(1.2607),2) -> 402.3 | I12: =ROUND(H12*F12,2) -> 402.3
A13: 2.2 | B13: ED-9075 | C13: SETOP | D13: FORNECIMENTO DE ANDAIME METÁLICO PARA FACHADA (LOCAÇÃO), INCLUSIVE PISO METÁLICO E SAPATAS, EXCLUSIVE MONTAGEM E DESMONTAGEM | E13: m2xmês | F13: 37 | G13: 5.99 | H13: =ROUND(G13*(1.2607),2) -> 7.55 | I13: =ROUND(H13*F13,2) -> 279.35
A14: 2.3 | B14: ED-48246 | C14: SETOP | D14: MONTAGEM E DESMONTAGEM DE ANDAIME METÁLICO PARA FACHADA COM PISO METÁLICO, EXCLUSIVE FORNECIMENTO DO ANDAIME E RODAPÉ/GUARDA-CORPO EM MADEIRA | E14: m² | F14: 263.66 | G14: 8.24 | H14: =ROUND(G14*(1.2607),2) -> 10.39 | I14: =ROUND(H14*F14,2) -> 2739.43
A15: 2.4 | B15: 93212 | C15: SINAPI | D15: EXECUÇÃO DE SANITÁRIO E VESTIÁRIO EM CANTEIRO DE OBRA EM CHAPA DE MADEIRA COMPENSADA, NÃO INCLUSO MOBILIÁRIO. AF_02/2016 | E15: m² | F15: 8 | G15: 1008.9 | H15: =ROUND(G15*(1.2607),2) -> 1271.92 | I15: =ROUND(H15*F15,2) -> 10175.36
A16: 2.5 | B16: 73805/001 | C16: SINAPI | D16: BARRACAO DE OBRA PARA ALOJAMENTO/ESCRITORIO, PISO EM PINHO 3A, PAREDES EM COMPENSADO 10MM, COBERTURA EM TELHA FIBROCIMENTO 6MM, INCLUSO INSTALACOES ELETRICAS E ESQUADRIAS. REAPROVEITADO 5 VEZES | E16: m² | F16: 9 | G16: 508 | H16: =ROUND(G16*(1.2607),2) -> 640.44 | I16: =ROUND(H16*F16,2) -> 5763.96
A17: 3 | D17: ALVENARIAS E DIVISÕES | H17: =ROUND(G17*(1.2607),2) -> 0 | I17: =ROUND(I18+I22,2) -> 25255.16
A18: 3.1 | D18: ALVENARIA | H18: =ROUND(G18*(1.2607),2) -> 0 | I18: =ROUND(SUM(I19:I21),2) -> 11189.35
A19: 3.1.1 | B19: ED-48232 | C19: SETOP | D19: ALVENARIA DE VEDAÇÃO COM TIJOLO CERÂMICO FURADO, ESP. 14CM, PARA REVESTIMENTO, INCLUSIVE ARGAMASSA PARA ASSENTAMENTO | E19: m² | F19: 139.46 | G19: 61.65 | H19: =ROUND(G19*(1.2607),2) -> 77.72 | I19: =ROUND(H19*F19,2) -> 10838.83
A20: 3.1.2 | B20: 93183 | C20: SINAPI | D20: VERGA PRÉ-MOLDADA PARA JANELAS COM MAIS DE 1,5 M DE VÃO. AF_03/2016 | E20: M | F20: 2 | G20: 71.28 | H20: =ROUND(G20*(1.2607),2) -> 89.86 | I20: =ROUND(H20*F20,2) -> 179.72
A21: 3.1.3 | B21: 93195 | C21: SINAPI | D21: CONTRAVERGA PRÉ-MOLDADA PARA VÃOS DE MAIS DE 1,5 M DE COMPRIMENTO. AF_03/2016 | E21: M | F21: 2 | G21: 67.74 | H21: =ROUND(G21*(1.2607),2) -> 85.4 | I21: =ROUND(H21*F21,2) -> 170.8
A22: 3.2 | D22: PLATIBANDA | H22: =ROUND(G22*(1.2607),2) -> 0 | I22: =ROUND(SUM(I23:I26),2) -> 14065.81
A23: 3.2.1 | B23: 92263 | C23: SINAPI | D23: FABRICAÇÃO DE FÔRMA PARA PILARES E ESTRUTURAS SIMILARES, EM CHAPA DE MADEIRA COMPENSADA RESINADA, E = 17 MM. AF_09/2020 | E23: m² | F23: 51.83 | G23: 141.82 | H23: =ROUND(G23*(1.2607),2) -> 178.79 | I23: =ROUND(H23*F23,2) -> 9266.69
A24: 3.2.2 | B24: 92775 | C24: SINAPI | D24: ARMAÇÃO DE PILAR OU VIGA DE UMA ESTRUTURA CONVENCIONAL DE CONCRETO ARMADO EM UMA EDIFICAÇÃO TÉRREA OU SOBRADO UTILIZANDO AÇO CA-60 DE 5,0 MM - MONTAGEM. AF_12/2015 | E24: KG | F24: 39.79 | G24: 16.28 | H24: =ROUND(G24*(1.2607),2) -> 20.52 | I24: =ROUND(H24*F24,2) -> 816.49
A25: 3.2.3 | B25: 92762 | C25: SINAPI | D25: ARMAÇÃO DE PILAR OU VIGA DE ESTRUTURA CONVENCIONAL DE CONCRETO ARMADO UTILIZANDO AÇO CA-50 DE 10,0 MM - MONTAGEM. AF_06/2022 | E25: KG | F25: 151 | G25: 9.92 | H25: =ROUND(G25*(1.2607),2) -> 12.51 | I25: =ROUND(H25*F25,2) -> 1889.01
A26: 3.2.4 | B26: 96557 | C26: SINAPI | D26: CONCRETAGEM DE BLOCOS DE COROAMENTO E VIGAS BALDRAMES, FCK 30 MPA, COM USO DE BOMBA LANÇAMENTO, ADENSAMENTO E ACABAMENTO. AF_06/2017 | E26: m³ | F26: 2.47 | G26: 672.34 | H26: =ROUND(G26*(1.2607),2) -> 847.62 | I26: =ROUND(H26*F26,2) -> 2093.62
A27: 4 | D27: REVESTIMENTO | H27: =ROUND(G27*(1.2607),2) -> 0 | I27: =ROUND(SUM(I28:I32),2) -> 14513.53
A28: 4.1 | B28: 87879 | C28: SINAPI | D28: CHAPISCO APLICADO EM ALVENARIAS E ESTRUTURAS DE CONCRETO INTERNAS, COM COLHER DE PEDREIRO. ARGAMASSA TRAÇO 1:3 COM PREPARO EM BETONEIRA 400L. AF_10/2022 | E28: m² | F28: 278.92 | G28: 3.88 | H28: =ROUND(G28*(1.2607),2) -> 4.89 | I28: =ROUND(H28*F28,2) -> 1363.92
A29: 4.2 | B29: 87529 | C29: SINAPI | D29: MASSA ÚNICA, PARA RECEBIMENTO DE PINTURA, EM ARGAMASSA TRAÇO 1:2:8, PREPARO MECÂNICO COM BETONEIRA 400L, APLICADA MANUALMENTE EM FACES INTERNAS DE PAREDES, ESPESSURA DE 20MM, COM EXECUÇÃO DE TALISCAS. AF_06/2014 | E29: m² | F29: 278.92 | G29: 33.39 | H29: =ROUND(G29*(1.2607),2) -> 42.09 | I29: =ROUND(H29*F29,2) -> 11739.74
A30: 4.3 | B30: 87265 | C30: SINAPI | D30: REVESTIMENTO CERÂMICO PARA PAREDES INTERNAS COM PLACAS TIPO ESMALTADA EXTRA DE DIMENSÕES 20X20 CM APLICADAS NA ALTURA INTEIRA DAS PAREDES. AF_02/2023_PE | E30: m² | F30: 10 | G30: 53.26 | H30: =ROUND(G30*(1.2607),2) -> 67.14 | I30: =ROUND(H30*F30,2) -> 671.4
A31: 4.4 | B31: 87550 | C31: SINAPI | D31: EMBOÇO, PARA RECEBIMENTO DE CERÂMICA, EM ARGAMASSA TRAÇO 1:2:8, PREPARO MANUAL, APLICADO MANUALMENTE EM FACES INTERNAS DE PAREDES, PARA AMBIENTE COM ÁREA ENTRE 5M2 E 10M2, ESPESSURA DE 10MM, COM EXECUÇÃO DE TALISCAS. AF_06/2014 | E31: m² | F31: 17.08 | G31: 22.29 | H31: =ROUND(G31*(1.2607),2) -> 28.1 | I31: =ROUND(H31*F31,2) -> 479.95
A32: 4.5 | B32: 96109 | C32: SINAPI | D32: FORRO EM PLACAS DE GESSO, PARA AMBIENTES RESIDENCIAIS. AF_05/2017_PS | E32: m² | F32: 5.1 | G32: 40.21 | H32: =ROUND(G32*(1.2607),2) -> 50.69 | I32: =ROUND(H32*F32,2) -> 258.52
A33: 5 | D33: PISO | H33: =ROUND(G33*(1.2607),2) -> 0 | I33: =ROUND(SUM(I34:I39),2) -> 8313.42
A34: 5.1 | B34: 87642 | C34: SINAPI | D34: CONTRAPISO EM ARGAMASSA TRAÇO 1:4 (CIMENTO E AREIA), PREPARO MANUAL, APLICADO EM ÁREAS SECAS SOBRE LAJE, ADERIDO, ACABAMENTO NÃO REFORÇADO, ESPESSURA 4CM. AF_07/2021 | E34: m² | F34: 30 | G34: 45.88 | H34: =ROUND(G34*(1.2607),2) -> 57.84 | I34: =ROUND(H34*F34,2) -> 1735.2
A35: 5.2 | B35: 87260 | C35: SINAPI | D35: REVESTIMENTO CERÂMICO PARA PISO COM PLACAS TIPO PORCELANATO DE DIMENSÕES 45X45 CM APLICADA EM AMBIENTES DE ÁREA MAIOR QUE 10 M². AF_02/2023_PE | E35: m² | F35: 10 | G35: 114.31 | H35: =ROUND(G35*(1.2607),2) -> 144.11 | I35: =ROUND(H35*F35,2) -> 1441.1
A36: 5.3 | B36: ED-50544 | C36: SETOP | D36: REVESTIMENTO COM CERÂMICA APLICADO EM PISO, ACABAMENTO ESMALTADO, AMBIENTE EXTERNO (ANTIDERRAPANTE), PADRÃO EXTRA, DIMENSÃO DA PEÇA ATÉ 2025 CM2, PEI IV, ASSENTAMENTO COM ARGAMASSA INDUSTRIALIZADA, INCLUSIVE REJUNTAMENTO | E36: m² | F36: 30 | G36: 65.75 | H36: =ROUND(G36*(1.2607),2) -> 82.89 | I36: =ROUND(H36*F36,2) -> 2486.7
A37: 5.4 | B37: 88648 | C37: SINAPI | D37: RODAPÉ CERÂMICO DE 7CM DE ALTURA COM PLACAS TIPO ESMALTADA EXTRA DE DIMENSÕES 35X35CM. AF_02/2023 | E37: M | F37: 5 | G37: 6.54 | H37: =ROUND(G37*(1.2607),2) -> 8.24 | I37: =ROUND(H37*F37,2) -> 41.2
A38: 5.5 | B38: 98689 | C38: SINAPI | D38: SOLEIRA EM GRANITO, LARGURA 15 CM, ESPESSURA 2,0 CM. AF_09/2020 | E38: M | F38: 24.3 | G38: 77.35 | H38: =ROUND(G38*(1.2607),2) -> 97.52 | I38: =ROUND(H38*F38,2) -> 2369.74
A39: 5.6 | B39: 101965 | C39: SINAPI | D39: PEITORIL LINEAR EM GRANITO OU MÁRMORE, L = 15CM, COMPRIMENTO DE ATÉ 2M, ASSENTADO COM ARGAMASSA 1:6 COM ADITIVO. AF_11/2020 | E39: M | F39: 2 | G39: 94.98 | H39: =ROUND(G39*(1.2607),2) -> 119.74 | I39: =ROUND(H39*F39,2) -> 239.48
A40: 6 | D40: PINTURA | H40: =ROUND(G40*(1.2607),2) -> 0 | I40: =ROUND(SUM(I41:I47),2) -> 106901.87
A41: 6.1 | B41: 88485 | C41: SINAPI | D41: FUNDO SELADOR ACRÍLICO, APLICAÇÃO MANUAL EM PAREDE, UMA DEMÃO. AF_04/2023 | E41: m² | F41: 2076 | G41: 3.73 | H41: =ROUND(G41*(1.2607),2) -> 4.7 | I41: =ROUND(H41*F41,2) -> 9757.2
A42: 6.2 | B42: 88484 | C42: SINAPI | D42: FUNDO SELADOR ACRÍLICO, APLICAÇÃO MANUAL EM TETO, UMA DEMÃO. AF_04/2023 | E42: m² | F42: 437.37 | G42: 4.56 | H42: =ROUND(G42*(1.2607),2) -> 5.75 | I42: =ROUND(H42*F42,2) -> 2514.88
A43: 6.3 | B43: 88488 | C43: SINAPI | D43: PINTURA LÁTEX ACRÍLICA PREMIUM, APLICAÇÃO MANUAL EM TETO, DUAS DEMÃOS. AF_04/2023 | E43: m² | F43: 437.37 | G43: 12.5 | H43: =ROUND(G43*(1.2607),2) -> 15.76 | I43: =ROUND(H43*F43,2) -> 6892.95
A44: 6.4 | B44: 88489 | C44: SINAPI | D44: PINTURA LÁTEX ACRÍLICA PREMIUM, APLICAÇÃO MANUAL EM PAREDES, DUAS DEMÃOS. AF_04/2023 | E44: m² | F44: 2076 | G44: 10.48 | H44: =ROUND(G44*(1.2607),2) -> 13.21 | I44: =ROUND(H44*F44,2) -> 27423.96
A45: 6.5 | B45: ED-50520 | C45: SETOP | D45: PINTURA COM TEXTURA ACRÍLICA COM ROLO, EXCLUSIVE SELADOR ACRÍLICO/FUNDO PREPARADOR | E45: m² | F45: 312.17 | G45: 16.87 | H45: =ROUND(G45*(1.2607),2) -> 21.27 | I45: =ROUND(H45*F45,2) -> 6639.86
A46: 6.6 | B46: 88497 | C46: SINAPI | D46: EMASSAMENTO COM MASSA LÁTEX, APLICAÇÃO EM PAREDE, DUAS DEMÃOS, LIXAMENTO MANUAL. AF_04/2023 | E46: m² | F46: 2513.37 | G46: 16.49 | H46: =ROUND(G46*(1.2607),2) -> 20.79 | I46: =ROUND(H46*F46,2) -> 52252.96
A47: 6.7 | B47: 17.25.04 | C47: SUDECAP | D47: ACETINADO S/ MASSA EM PAREDE S/ SELADOR ACRILICO | E47: m² | F47: 56.24 | G47: 20.03 | H47: =ROUND(G47*(1.2607),2) -> 25.25 | I47: =ROUND(H47*F47,2) -> 1420.06
A48: 7 | D48: COBERTURA | H48: =ROUND(G48*(1.2607),2) -> 0 | I48: =ROUND(SUM(I49:I55),2) -> 71953.98
A49: 7.1 | B49: 92580 | C49: SINAPI | D49: TRAMA DE AÇO COMPOSTA POR TERÇAS PARA TELHADOS DE ATÉ 2 ÁGUAS PARA TELHA ONDULADA DE FIBROCIMENTO, METÁLICA, PLÁSTICA OU TERMOACÚSTICA, INCLUSO TRANSPORTE VERTICAL. AF_07/2019 | E49: m² | F49: 389 | G49: 43.26 | H49: =ROUND(G49*(1.2607),2) -> 54.54 | I49: =ROUND(H49*F49,2) -> 21216.06
A50: 7.2 | B50: 94210 | C50: SINAPI | D50: TELHAMENTO COM TELHA ONDULADA DE FIBROCIMENTO E = 6 MM, COM RECOBRIMENTO LATERAL DE 1 1/4 DE ONDA PARA TELHADO COM INCLINAÇÃO MÁXIMA DE 10°, COM ATÉ 2 ÁGUAS, INCLUSO IÇAMENTO. AF_07/2019 | E50: m² | F50: 389 | G50: 40.65 | H50: =ROUND(G50*(1.2607),2) -> 51.25 | I50: =ROUND(H50*F50,2) -> 19936.25
A51: 7.3 | B51: 94231 | C51: SINAPI | D51: RUFO EM CHAPA DE AÇO GALVANIZADO NÚMERO 24, CORTE DE 25 CM, INCLUSO TRANSPORTE VERTICAL. AF_07/2019 | E51: M | F51: 108.1 | G51: 51.58 | H51: =ROUND(G51*(1.2607),2) -> 65.03 | I51: =ROUND(H51*F51,2) -> 7029.74
A52: 7.4 | B52: ED-50667 | C52: SETOP | D52: CHAPIM EM CHAPA GALVANIZADA, COM PINGADEIRA, ESP. 0,65MM (GSG- 24), COM DESENVOLVIMENTO DE 35CM, INCLUSIVE IÇAMENTO MANUAL VERTICAL | E52: m | F52: 137.47 | G52: 56.15 | H52: =ROUND(G52*(1.2607),2) -> 70.79 | I52: =ROUND(H52*F52,2) -> 9731.5
A53: 7.5 | B53: ED-50658 | C53: SETOP | D53: CALHA EM CHAPA GALVANIZADA, ESP. 0,65MM (GSG-24), COM DESENVOLVIMENTO DE 66CM, INCLUSIVE IÇAMENTO MANUAL VERTICAL | E53: m | F53: 83.51 | G53: 93.81 | H53: =ROUND(G53*(1.2607),2) -> 118.27 | I53: =ROUND(H53*F53,2) -> 9876.73
A54: 7.6 | B54: 94223 | C54: SINAPI | D54: CUMEEIRA PARA TELHA DE FIBROCIMENTO ONDULADA E = 6 MM, INCLUSO ACESSÓRIOS DE FIXAÇÃO E IÇAMENTO. AF_07/2019 | E54: M | F54: 42.95 | G54: 68.94 | H54: =ROUND(G54*(1.2607),2) -> 86.91 | I54: =ROUND(H54*F54,2) -> 3732.78
A55: 7.7 | B55: ED-50923 | C55: SETOP | D55: ALÇAPÃO (60X60)CM COM QUADRO DE CANTONEIRA METÁLICA 1"X 1/8", TAMPA EM CANTONEIRA 7/8"X 1/8" E CHAPA METÁLICA Nº18 VINCADA, INCLUSIVE FERROLHO, CADEADO E PINTURA ANTICORROSIVA | E55: un | F55: 1 | G55: 341.81 | H55: =ROUND(G55*(1.2607),2) -> 430.92 | I55: =ROUND(H55*F55,2) -> 430.92
A56: 8 | D56: ESQUADRIAS | H56: =ROUND(G56*(1.2607),2) -> 0 | I56: =ROUND(I57+I62,2) -> 137419.43
A57: 8.1 | D57: MADEIRA | H57: =ROUND(G57*(1.2607),2) -> 0 | I57: =SUM(I58:I61) -> 35423.39
A58: 8.1.1 | B58: 90843 | C58: SINAPI | D58: KIT DE PORTA DE MADEIRA PARA PINTURA, SEMI-OCA (LEVE OU MÉDIA), PADRÃO MÉDIO, 80X210CM, ESPESSURA DE 3,5CM, ITENS INCLUSOS: DOBRADIÇAS, MONTAGEM E INSTALAÇÃO DO BATENTE, FECHADURA COM EXECUÇÃO DO FURO - FORNECIMENTO E INSTALAÇÃO. AF_12/2019 | E58: UN | F58: 6 | G58: 945.78 | H58: =ROUND(G58*(1.2607),2) -> 1192.34 | I58: =ROUND(H58*F58,2) -> 7154.04
A59: 8.1.2 | B59: 90844 | C59: SINAPI | D59: KIT DE PORTA DE MADEIRA PARA PINTURA, SEMI-OCA (LEVE OU MÉDIA), PADRÃO MÉDIO, 90X210CM, ESPESSURA DE 3,5CM, ITENS INCLUSOS: DOBRADIÇAS, MONTAGEM E INSTALAÇÃO DO BATENTE, FECHADURA COM EXECUÇÃO DO FURO - FORNECIMENTO E INSTALAÇÃO. AF_12/2019 | E59: UN | F59: 17 | G59: 1013.45 | H59: =ROUND(G59*(1.2607),2) -> 1277.66 | I59: =ROUND(H59*F59,2) -> 21720.22
A60: 8.1.3 | B60: CP0012 | C60: Próprio | D60: KIT DE PORTA DE MADEIRA DE CORRER PARA PINTURA, SEMI-OCA (LEVE OU MÉDIA), PADRÃO MÉDIO, 90X210CM, ESPESSURA DE 3,5CM, ITENS INCLUSOS: DOBRADIÇAS, MONTAGEM E INSTALAÇÃO DO BATENTE, FECHADURA COM EXECUÇÃO DO FURO - FORNECIMENTO E INSTALAÇÃO. | E60: UN | F60: 3 | G60: 1014.9 | H60: =ROUND(G60*(1.2607),2) -> 1279.48 | I60: =ROUND(H60*F60,2) -> 3838.44
A61: 8.1.4 | B61: CP0013 | C61: Próprio | D61: KIT DE PORTA DE MADEIRA PARA PINTURA, SEMI-OCA (LEVE OU MÉDIA), PADRÃO MÉDIO, 100X210CM, ESPESSURA DE 3,5CM, ITENS INCLUSOS: DOBRADIÇAS, MONTAGEM E INSTALAÇÃO DO BATENTE, FECHADURA COM EXECUÇÃO DO FURO - FORNECIMENTO E INSTALAÇÃO. | E61: UN | F61: 1 | G61: 2150.15 | H61: =ROUND(G61*(1.2607),2) -> 2710.69 | I61: =ROUND(H61*F61,2) -> 2710.69
A62: 8.2 | D62: ALUMINIO | H62: =ROUND(G62*(1.2607),2) -> 0 | I62: =SUM(I63:I80) -> 101996.04
A63: 8.2.1 | B63: CP0055 | C63: Próprio | D63: JANELA DE ALUMÍNIO TIPO MAXIM-AR, COM VIDROS 4 MM, BATENTE E FERRAGENS. EXCLUSIVE ALIZAR, ACABAMENTO E CONTRAMARCO. FORNECIMENTO E INSTALAÇÃO. 100 X 80 CM | E63: UN | F63: 12 | G63: 903.8 | H63: =ROUND(G63*(1.2607),2) -> 1139.42 | I63: =ROUND(H63*F63,2) -> 13673.04
A64: 8.2.2 | B64: CP0056 | C64: Próprio | D64: JANELA DE ALUMÍNIO TIPO MAXIM-AR, COM VIDROS 4 MM, BATENTE E FERRAGENS. EXCLUSIVE ALIZAR, ACABAMENTO E CONTRAMARCO. FORNECIMENTO E INSTALAÇÃO. 200 X 80 CM | E64: UN | F64: 13 | G64: 1807.35 | H64: =ROUND(G64*(1.2607),2) -> 2278.53 | I64: =ROUND(H64*F64,2) -> 29620.89
A65: 8.2.3 | B65: CP0057 | C65: Próprio | D65: JANELA DE ALUMÍNIO TIPO MAXIM-AR, COM VIDROS 4 MM, BATENTE E FERRAGENS. EXCLUSIVE ALIZAR, ACABAMENTO E CONTRAMARCO. FORNECIMENTO E INSTALAÇÃO. 195 X 220 CM | E65: UN | F65: 1 | G65: 4848.62 | H65: =ROUND(G65*(1.2607),2) -> 6112.66 | I65: =ROUND(H65*F65,2) -> 6112.66
A66: 8.2.4 | B66: CP0058 | C66: Próprio | D66: JANELA DE ALUMÍNIO TIPO MAXIM-AR, COM VIDROS 4 MM, BATENTE E FERRAGENS. EXCLUSIVE ALIZAR, ACABAMENTO E CONTRAMARCO. FORNECIMENTO E INSTALAÇÃO. 145 X 80 CM | E66: UN | F66: 4 | G66: 1295.69 | H66: =ROUND(G66*(1.2607),2) -> 1633.48 | I66: =ROUND(H66*F66,2) -> 6533.92
A67: 8.2.5 | B67: CP0059 | C67: Próprio | D67: JANELA DE ALUMÍNIO TIPO MAXIM-AR, COM VIDROS 4 MM, BATENTE E FERRAGENS. EXCLUSIVE ALIZAR, ACABAMENTO E CONTRAMARCO. FORNECIMENTO E INSTALAÇÃO. 195 X 80 CM | E67: UN | F67: 1 | G67: 1743.67 | H67: =ROUND(G67*(1.2607),2) -> 2198.24 | I67: =ROUND(H67*F67,2) -> 2198.24
A68: 8.2.6 | B68: CP0060 | C68: Próprio | D68: JANELA DE ALUMÍNIO TIPO MAXIM-AR, COM VIDROS 4 MM, BATENTE E FERRAGENS. EXCLUSIVE ALIZAR, ACABAMENTO E CONTRAMARCO. FORNECIMENTO E INSTALAÇÃO. 70 X 80 CM | E68: UN | F68: 1 | G68: 632.75 | H68: =ROUND(G68*(1.2607),2) -> 797.71 | I68: =ROUND(H68*F68,2) -> 797.71
A69: 8.2.7 | B69: ED-50961 | C69: SETOP | D69: FORNECIMENTO E ASSENTAMENTO DE JANELA DE ALUMÍNIO, LINHA SUPREMA ACABAMENTO ANODIZADO, TIPO BASCULA COM CONTRAMARCO, INCLUSIVE FORNECIMENTO DE VIDRO LISO DE 4MM, FERRAGENS E ACESSÓRIOS | E69: m² | F69: 1.5 | G69: 648.14 | H69: =ROUND(G69*(1.2607),2) -> 817.11 | I69: =ROUND(H69*F69,2) -> 1225.67
A70: 8.2.8 | B70: CP0061 | C70: Próprio | D70: FECHAMENTO EM VIDRO TEMPERADO 10 MM - 5,10X2,56 | E70: UN | F70: 1 | G70: 7524.34 | H70: =ROUND(G70*(1.2607),2) -> 9485.94 | I70: =ROUND(H70*F70,2) -> 9485.94
A71: 8.2.9 | B71: CP0062 | C71: Próprio | D71: FECHAMENTO EM VIDRO TEMPERADO 10 MM - 7,30X2,92 | E71: UN | F71: 1 | G71: 10999.52 | H71: =ROUND(G71*(1.2607),2) -> 13867.09 | I71: =ROUND(H71*F71,2) -> 13867.09
A72: 40392 | B72: CP0063 | C72: Próprio | D72: FECHAMENTO EM VIDRO TEMPERADO 10 MM - 1,80X2,10 | E72: UN | F72: 1 | G72: 3621.72 | H72: =ROUND(G72*(1.2607),2) -> 4565.9 | I72: =ROUND(H72*F72,2) -> 4565.9
A73: 40757 | B73: 102219 | C73: SINAPI | D73: PINTURA TINTA DE ACABAMENTO (PIGMENTADA) ESMALTE SINTÉTICO ACETINADO EM MADEIRA, 2 DEMÃOS. AF_01/2021 | E73: m² | F73: 45.99 | G73: 15.76 | H73: =ROUND(G73*(1.2607),2) -> 19.87 | I73: =ROUND(H73*F73,2) -> 913.82
A74: 41123 | B74: CP0064 | C74: Próprio | D74: PORTA EM ALUMÍNIO DE ABRIR TIPO VENEZIANA COM GUARNIÇÃO, FIXAÇÃO COM PARAFUSOS - FORNECIMENTO E INSTALAÇÃO. AF_12/2019 - 0,70 X 2,10M - PA-01 | E74: UN | F74: 3 | G74: 839.44 | H74: =ROUND(G74*(1.2607),2) -> 1058.28 | I74: =ROUND(H74*F74,2) -> 3174.84
A75: 41488 | B75: CP00149 | C75: Próprio | D75: PORTA EM ALUMÍNIO DE ABRIR TIPO VENEZIANA COM GUARNIÇÃO, FIXAÇÃO COM PARAFUSOS - FORNECIMENTO E INSTALAÇÃO. AF_12/2019 - 0,90 X 2,10 M - PA-02 | E75: UN | F75: 2 | G75: 1079.28 | H75: =ROUND(G75*(1.2607),2) -> 1360.65 | I75: =ROUND(H75*F75,2) -> 2721.3
A76: 41853 | B76: CP0065 | C76: Próprio | D76: PORTA EM ALUMÍNIO DE ABRIR TIPO VENEZIANA COM GUARNIÇÃO, FIXAÇÃO COM PARAFUSOS - FORNECIMENTO E INSTALAÇÃO. AF_12/2019 - 1,20 X 1,00 M - PA-03 | E76: UN | F76: 1 | G76: 685.26 | H76: =ROUND(G76*(1.2607),2) -> 863.91 | I76: =ROUND(H76*F76,2) -> 863.91
A77: 42218 | B77: CP00150 | C77: Próprio | D77: PORTA EM ALUMÍNIO DE ABRIR TIPO VENEZIANA COM GUARNIÇÃO, FIXAÇÃO COM PARAFUSOS - FORNECIMENTO E INSTALAÇÃO. AF_12/2019 - 1,10 X 2,10 M - PA-04 | E77: UN | F77: 1 | G77: 1319.12 | H77: =ROUND(G77*(1.2607),2) -> 1663.01 | I77: =ROUND(H77*F77,2) -> 1663.01
A78: 42584 | B78: CP0066 | C78: Próprio | D78: PORTA EM ALUMÍNIO DE ABRIR TIPO VENEZIANA COM GUARNIÇÃO, FIXAÇÃO COM PARAFUSOS - FORNECIMENTO E INSTALAÇÃO. AF_12/2019 - 0,80 X 1,50 M - PA-05 | E78: UN | F78: 1 | G78: 685.26 | H78: =ROUND(G78*(1.2607),2) -> 863.91 | I78: =ROUND(H78*F78,2) -> 863.91
A79: 42949 | B79: CP00151 | C79: Próprio | D79: PORTA EM ALUMÍNIO DE CORRER COM 2 FOLHAS (120X210)CM COMPLETA, LINHA 25/SUPREMA, ACABAMENTO ANODIZADO NATURAL, INCLUSIVE PERFIS, VIDRO, FERRAGENS E INSTALAÇÃO - PV -01 | E79: un | F79: 1 | G79: 2633.55 | H79: =ROUND(G79*(1.2607),2) -> 3320.12 | I79: =ROUND(H79*F79,2) -> 3320.12
A80: 43314 | B80: 11944 | C80: ORSE | D80: JANELA EM ALUMÍNIO, COR N/P/B, MOLDURA-VIDRO, TIPO GUILHOTINA, EXCLUSIVE VIDRO | E80: m² | F80: 0.66 | G80: 473.6 | H80: =ROUND(G80*(1.2607),2) -> 597.07 | I80: =ROUND(H80*F80,2) -> 394.07
A81: 9 | D81: INSTALAÇÃO HIDROSANITÁRIA | H81: =ROUND(G81*(1.2607),2) -> 0 | I81: =ROUND(I82+I88+I96+I103+I110,2) -> 44740.13
A82: 9.1 | D82: ALIMENTAÇÃO | H82: =ROUND(G82*(1.2607),2) -> 0 | I82: =SUM(I83:I87) -> 1571.64
A83: 9.1.1 | B83: 94489 | C83: SINAPI | D83: REGISTRO DE ESFERA, PVC, SOLDÁVEL, COM VOLANTE, DN 25 MM - FORNECIMENTO E INSTALAÇÃO. AF_08/2021 | E83: UN | F83: 2 | G83: 20.74 | H83: =ROUND(G83*(1.2607),2) -> 26.15 | I83: =ROUND(H83*F83,2) -> 52.3
A84: 9.1.2 | B84: 89362 | C84: SINAPI | D84: JOELHO 90 GRAUS, PVC, SOLDÁVEL, DN 25MM, INSTALADO EM RAMAL OU SUB-RAMAL DE ÁGUA - FORNECIMENTO E INSTALAÇÃO. AF_06/2022 | E84: UN | F84: 18 | G84: 8.17 | H84: =ROUND(G84*(1.2607),2) -> 10.3 | I84: =ROUND(H84*F84,2) -> 185.4
A85: 9.1.3 | B85: 89402 | C85: SINAPI | D85: TUBO, PVC, SOLDÁVEL, DN 25MM, INSTALADO EM RAMAL DE DISTRIBUIÇÃO DE ÁGUA - FORNECIMENTO E INSTALAÇÃO. AF_06/2022 | E85: M | F85: 90.7 | G85: 11.17 | H85: =ROUND(G85*(1.2607),2) -> 14.08 | I85: =ROUND(H85*F85,2) -> 1277.06
A86: 9.1.4 | B86: 89395 | C86: SINAPI | D86: TE, PVC, SOLDÁVEL, DN 25MM, INSTALADO EM RAMAL OU SUB-RAMAL DE ÁGUA - FORNECIMENTO E INSTALAÇÃO. AF_06/2022 | E86: UN | F86: 2 | G86: 11.28 | H86: =ROUND(G86*(1.2607),2) -> 14.22 | I86: =ROUND(H86*F86,2) -> 28.44
A87: 9.1.5 | B87: 89395 | C87: SINAPI | D87: TE, PVC, SOLDÁVEL, DN 25MM, INSTALADO EM RAMAL OU SUB-RAMAL DE ÁGUA - FORNECIMENTO E INSTALAÇÃO. AF_06/2022 | E87: UN | F87: 2 | G87: 11.28 | H87: =ROUND(G87*(1.2607),2) -> 14.22 | I87: =ROUND(H87*F87,2) -> 28.44
A88: 9.2 | D88: ESGOTO | H88: =ROUND(G88*(1.2607),2) -> 0 | I88: =SUM(I89:I95) -> 3175.22
A89: 9.2.1 | B89: 89707 | C89: SINAPI | D89: CAIXA SIFONADA, PVC, DN 100 X 100 X 50 MM, JUNTA ELÁSTICA, FORNECIDA E INSTALADA EM RAMAL DE DESCARGA OU EM RAMAL DE ESGOTO SANITÁRIO. AF_08/2022 | E89: UN | F89: 24 | G89: 39.34 | H89: =ROUND(G89*(1.2607),2) -> 49.6 | I89: =ROUND(H89*F89,2) -> 1190.4
A90: 9.2.2 | B90: 41572 | C90: SUDECAP | D90: P/ LAVATORIO 1601 FABRIMAR OU EQUIVALENTE | E90: UN | F90: 21 | G90: 45.51 | H90: =ROUND(G90*(1.2607),2) -> 57.37 | I90: =ROUND(H90*F90,2) -> 1204.77
A91: 9.2.3 | B91: 86877 | C91: SINAPI | D91: VÁLVULA EM METAL CROMADO 1.1/2 X 1.1/2 PARA TANQUE OU LAVATÓRIO, COM OU SEM LADRÃO - FORNECIMENTO E INSTALAÇÃO. AF_01/2020 | E91: UN | F91: 7 | G91: 74.34 | H91: =ROUND(G91*(1.2607),2) -> 93.72 | I91: =ROUND(H91*F91,2) -> 656.04
A92: 9.2.4 | B92: 89739 | C92: SINAPI | D92: JOELHO 45 GRAUS, PVC, SERIE NORMAL, ESGOTO PREDIAL, DN 75 MM, JUNTA ELÁSTICA, FORNECIDO E INSTALADO EM RAMAL DE DESCARGA OU RAMAL DE ESGOTO SANITÁRIO. AF_08/2022 | E92: UN | F92: 1 | G92: 20.46 | H92: =ROUND(G92*(1.2607),2) -> 25.79 | I92: =ROUND(H92*F92,2) -> 25.79
A93: 9.2.5 | B93: 89785 | C93: SINAPI | D93: JUNÇÃO SIMPLES, PVC, SERIE NORMAL, ESGOTO PREDIAL, DN 50 X 50 MM, JUNTA ELÁSTICA, FORNECIDO E INSTALADO EM RAMAL DE DESCARGA OU RAMAL DE ESGOTO SANITÁRIO. AF_08/2022 | E93: UN | F93: 1 | G93: 23.19 | H93: =ROUND(G93*(1.2607),2) -> 29.24 | I93: =ROUND(H93*F93,2) -> 29.24
A94: 9.2.6 | B94: 89754 | C94: SINAPI | D94: LUVA DE CORRER, PVC, SERIE NORMAL, ESGOTO PREDIAL, DN 50 MM, JUNTA ELÁSTICA, FORNECIDO E INSTALADO EM RAMAL DE DESCARGA OU RAMAL DE ESGOTO SANITÁRIO. AF_08/2022 | E94: UN | F94: 2 | G94: 18.6 | H94: =ROUND(G94*(1.2607),2) -> 23.45 | I94: =ROUND(H94*F94,2) -> 46.9
A95: 9.2.7 | B95: 89713 | C95: SINAPI | D95: TUBO PVC, SERIE NORMAL, ESGOTO PREDIAL, DN 75 MM, FORNECIDO E INSTALADO EM RAMAL DE DESCARGA OU RAMAL DE ESGOTO SANITÁRIO. AF_08/2022 | E95: M | F95: 0.57 | G95: 30.73 | H95: =ROUND(G95*(1.2607),2) -> 38.74 | I95: =ROUND(H95*F95,2) -> 22.08
A96: 9.3 | D96: PLUVIAL | H96: =ROUND(G96*(1.2607),2) -> 0 | I96: =SUM(I97:I102) -> 17253.84
A97: 9.3.1 | B97: ED-49915 | C97: SETOP | D97: CAIXA DE DRENAGEM DE INSPEÇÃO/PASSAGEM EM ALVENARIA (60X60X60CM), REVESTIMENTO EM ARGAMASSA COM ADITIVO IMPERMEABILIZANTE, COM TAMPA EM GRELHA, INCLUSIVE ESCAVAÇÃO, REATERRO E TRANSPORTE E RETIRADA DO MATERIAL ESCAVADO (EM CAÇAMBA) | E97: un | F97: 8 | G97: 665.78 | H97: =ROUND(G97*(1.2607),2) -> 839.35 | I97: =ROUND(H97*F97,2) -> 6714.8
A98: 9.3.2 | B98: 89531 | C98: SINAPI | D98: JOELHO 45 GRAUS, PVC, SERIE R, ÁGUA PLUVIAL, DN 100 MM, JUNTA ELÁSTICA, FORNECIDO E INSTALADO EM RAMAL DE ENCAMINHAMENTO. AF_06/2022 | E98: UN | F98: 2 | G98: 33.37 | H98: =ROUND(G98*(1.2607),2) -> 42.07 | I98: =ROUND(H98*F98,2) -> 84.14
A99: 9.3.3 | B99: 89811 | C99: SINAPI | D99: CURVA CURTA 90 GRAUS, PVC, SERIE NORMAL, ESGOTO PREDIAL, DN 100 MM, JUNTA ELÁSTICA, FORNECIDO E INSTALADO EM PRUMADA DE ESGOTO SANITÁRIO OU VENTILAÇÃO. AF_08/2022 | E99: UN | F99: 25 | G99: 39.09 | H99: =ROUND(G99*(1.2607),2) -> 49.28 | I99: =ROUND(H99*F99,2) -> 1232
A100: 9.3.4 | B100: 89567 | C100: SINAPI | D100: JUNÇÃO SIMPLES, PVC, SERIE R, ÁGUA PLUVIAL, DN 100 X 100 MM, JUNTA ELÁSTICA, FORNECIDO E INSTALADO EM RAMAL DE ENCAMINHAMENTO. AF_06/2022 | E100: UN | F100: 1 | G100: 71.6 | H100: =ROUND(G100*(1.2607),2) -> 90.27 | I100: =ROUND(H100*F100,2) -> 90.27
A101: 9.3.5 | B101: 89512 | C101: SINAPI | D101: TUBO PVC, SÉRIE R, ÁGUA PLUVIAL, DN 100 MM, FORNECIDO E INSTALADO EM RAMAL DE ENCAMINHAMENTO. AF_06/2022 | E101: M | F101: 129 | G101: 45.15 | H101: =ROUND(G101*(1.2607),2) -> 56.92 | I101: =ROUND(H101*F101,2) -> 7342.68
A102: 9.3.6 | B102: 89580 | C102: SINAPI | D102: TUBO PVC, SÉRIE R, ÁGUA PLUVIAL, DN 150 MM, FORNECIDO E INSTALADO EM CONDUTORES VERTICAIS DE ÁGUAS PLUVIAIS. AF_06/2022 | E102: M | F102: 22.06 | G102: 64.36 | H102: =ROUND(G102*(1.2607),2) -> 81.14 | I102: =ROUND(H102*F102,2) -> 1789.95
...

Sheet CPU
C1: CF CONSTRUÇÕES E REFORMAS LTDA
C3: COMPOSIÇÃO DE PREÇOS UNITÁRIOS
A5: CLIENTE: | C5: PREFEITURA MUNICIPAL DE SANTA LUZIA
A6: LOCAL | C6: ALAMEDA IBIRAPUERA NO BAIRRO SÃO BENEDITO, SANTA LUZIA, MINAS GERAIS | F6: BDI | H6: 0.2607
A7: OBJETO | C7: Contratação de Empresa Especializada para terminar a construção de Unidade Básica de Saúde (UBS) denominada Jabaquara, localizada na Alameda Ibirapuera no Bairro São Benedito, Santa Luzia, Minas Gerais, conforme condições, quantidades e exigências estabelecidas neste instrumento e seus anexos.
A8: 1 | D8: CONFORME ACÓRDÃO TCU 2622/2013, LIMITADA À 6% DO VALOR TOTALDA OBRA
A9: 1.1 | B9: Código | C9: Banco | D9: Descrição | E9: Tipo | F9: Und | G9: Quant. | H9: Valor Unit | I9: Total
A10: Composição | B10: CP001 | C10: Próprio | D10: ADMINISTRAÇÃO LOCAL | E10: CANT - CANTEIRO DE OBRAS | F10: UN | G10: 1 | H10: =I11 -> 37322.27 | I10: =G10*H10 -> 37322.27
A11: Insumo | B11: 1 | C11: Próprio | D11: ADMINISTRAÇÃO LOCAL | E11: Administração | F11: UN | G11: 1 | H11: 37322.27 | I11: =ROUND(G11*H11,2) -> 37322.27
H12: Valor com BDI => | I12: =ROUND(I10*(1+0.2607),2) -> 47052.19
F13: Quant. => 1,00 | G13: =Planilha!F10 -> 1 | H13: Preço Total => | I13: =G13*I12 -> 47052.19
A14: 2 | D14: SERVIÇOS PRELIMINARES
A15: 2.1 | B15: Código | C15: Banco | D15: Descrição | E15: Tipo | F15: Und | G15: Quant. | H15: Valor Unit | I15: Total
A16: Composição | B16: ED-16343 | C16: SETOP | D16: LIGAÇÃO PROVISÓRIA DE ÁGUA E ESGOTO PARA CONTAINER (VESTIÁRIO DE OBRA), EXCLUSIVE CHUVEIRO ELÉTRICO | E16: ED- | F16: un | G16: 1 | H16: =ROUND(SUM(I17:I21),2) -> 319.11 | I16: =ROUND(H16*G16,2) -> 319.11
A17: Composição Auxiliar | B17: ED-50018 | C17: SETOP | D17: FORNECIMENTO E ASSENTAMENTO DE TUBO PVC RÍGIDO SOLDÁVEL, ÁGUA FRIA, DN 20 MM (1/2"), INCLUSIVE CONEXÕES | E17: ED- | F17: m | G17: 1.5 | H17: 19.07 | I17: =ROUND(G17*H17,2) -> 28.61
A18: Composição Auxiliar | B18: ED-49936 | C18: SETOP | D18: CAIXA D´ÁGUA DE POLIETILENO, CAPACIDADE DE 1.000L, INCLUSIVE TAMPA, TORNEIRA DE BOIA, EXTRAVASOR, TUBO DE LIMPEZA E ACESSÓRIOS, EXCLUSIVE TUBULAÇÃO DE ENTRADA/SAÍDA DE ÁGUA | E18: ED- | F18: un | G18: 0.2 | H18: 795.13999 | I18: =ROUND(G18*H18,2) -> 159.03
A19: Composição Auxiliar | B19: ED-49999 | C19: SETOP | D19: REGISTRO DE ESFERA, TIPO PVC SOLDÁVEL DN 20MM (1/2"), INCLUSIVE VOLANTE PARA ACIONAMENTO | E19: ED- | F19: un | G19: 0.2 | H19: 25.15 | I19: =ROUND(G19*H19,2) -> 5.03
A20: Composição Auxiliar | B20: ED-50029 | C20: SETOP | D20: FORNECIMENTO E ASSENTAMENTO DE TUBO PVC RÍGIDO, ESGOTO, PBV - SÉRIE NORMAL, DN 100 MM (4"), INCLUSIVE CONEXÕES | E20: ED- | F20: m | G20: 3 | H20: 37.71 | I20: =ROUND(G20*H20,2) -> 113.13
A21: Composição Auxiliar | B21: ED-50303 | C21: SETOP | D21: TORNEIRA DE BOIA, TIPO ROSCÁVEL 1/2", EXCLUSIVE ADAPTADOR SOLDÁVEL DE PVC COM FLANGES E ANEL PARA CAIXA DÁGUA | E21: ED- | F21: un | G21: 0.2 | H21: 66.53 | I21: =ROUND(G21*H21,2) -> 13.31
H23: Valor com BDI => | I23: =ROUND(I16*(1+0.2607),2) -> 402.3
F24: Quant. => 1,00 | G24: =Planilha!F12 -> 1 | H24: Preço Total => | I24: =ROUND(G24*I23,2) -> 402.3
A25: 2.2 | B25: Código | C25: Banco | D25: Descrição | E25: Tipo | F25: Und | G25: Quant. | H25: Valor Unit | I25: Total
A26: Composição | B26: ED-9075 | C26: SETOP | D26: FORNECIMENTO DE ANDAIME METÁLICO PARA FACHADA (LOCAÇÃO), INCLUSIVE PISO METÁLICO E SAPATAS, EXCLUSIVE MONTAGEM E DESMONTAGEM | E26: ED- | F26: m2xmês | G26: 1 | H26: =SUM(I27) -> 5.99 | I26: =H26*G26 -> 5.99
A27: Insumo | B27: MATED-9073 | C27: SETOP | D27: ANDAIME METÁLICO ( PERÍODO DE LOCAÇÃO: MENSAL|TIPO: FACHADEIRO| LARGURA: 120CM|ALTURA: 200CM|PISO METÁLICO: INCLUSO|SAPATA: INCLUSO| ACESSÓRIOS DE MONTAGEM : INCLUSO|MONTAGEM: NÃO INCLUSO) | E27: Material | F27: m2xmê | G27: 1 | H27: 5.99 | I27: =ROUND(G27*H27,2) -> 5.99
H28: Valor com BDI => | I28: =ROUND(I26*(1+0.2607),2) -> 7.55
F29: Quant. => 1,00 | G29: =Planilha!F13 -> 37 | H29: Preço Total => | I29: =G29*I28 -> 279.35
A30: 2.3 | B30: Código | C30: Banco | D30: Descrição | E30: Tipo | F30: Und | G30: Quant. | H30: Valor Unit | I30: Total
A31: Composição | B31: ED-48246 | C31: SETOP | D31: MONTAGEM E DESMONTAGEM DE ANDAIME METÁLICO PARA FACHADA COM PISO METÁLICO, EXCLUSIVE FORNECIMENTO DO ANDAIME E RODAPÉ/GUARDA-CORPO EM MADEIRA | E31: ED- | F31: m² | G31: 1 | H31: =SUM(I32:I33) -> 8.24 | I31: =H31*G31 -> 8.24
A32: Composição Auxiliar | B32: ED-50380 | C32: SETOP | D32: MONTADOR COM ENCARGOS COMPLEMENTARES | E32: ED- | F32: hora | G32: 0.1929825 | H32: 24.92 | I32: =ROUND(G32*H32,2) -> 4.81
A33: Composição Auxiliar | B33: 88316 | C33: SINAPI | D33: SERVENTE COM ENCARGOS COMPLEMENTARES | E33: SEDI - SERVIÇOS DIVERSOS | F33: H | G33: 0.1929825 | H33: 17.78 | I33: =ROUND(G33*H33,2) -> 3.43
H34: Valor com BDI => | I34: =ROUND(I31*(1+0.2607),2) -> 10.39
F35: Quant. => 1,00 | G35: =Planilha!F14 -> 263.66 | H35: Preço Total => | I35: =G35*I34 -> 2739.4274
A36: 2.4 | B36: Código | C36: Banco | D36: Descrição | E36: Tipo | F36: Und | G36: Quant. | H36: Valor Unit | I36: Total
A37: Composição | B37: 93212 | C37: SINAPI | D37: EXECUÇÃO DE SANITÁRIO E VESTIÁRIO EM CANTEIRO DE OBRA EM CHAPA DE MADEIRA COMPENSADA, NÃO INCLUSO MOBILIÁRIO. AF_02/2016 | E37: CANT - CANTEIRO DE OBRAS | F37: m² | G37: 1 | H37: =SUM(I38:I113) -> 1008.9 | I37: =H37*G37 -> 1008.9
A38: Composição Auxiliar | B38: 89731 | C38: SINAPI | D38: JOELHO 90 GRAUS, PVC, SERIE NORMAL, ESGOTO PREDIAL, DN 50 MM, JUNTA ELÁSTICA, FORNECIDO E INSTALADO EM RAMAL DE DESCARGA OU RAMAL DE ESGOTO SANITÁRIO. AF_08/2022 | E38: INHI - INSTALAÇÕES HIDROS SANITÁRIAS | F38: UN | G38: 0.0174 | H38: 12.77 | I38: =ROUND(G38*H38,2) -> 0.22
A39: Composição Auxiliar | B39: 87548 | C39: SINAPI | D39: MASSA ÚNICA, PARA RECEBIMENTO DE PINTURA, EM ARGAMASSA TRAÇO 1:2:8, PREPARO MANUAL, APLICADA MANUALMENTE EM FACES INTERNAS DE PAREDES, ESPESSURA DE 10MM, COM EXECUÇÃO DE TALISCAS. AF_06/2014 | E39: REVE - REVESTIMENTO E TRATAMENTO DE SUPERFÍCIES | F39: m² | G39: 0.1894 | H39: 23.53 | I39: =ROUND(G39*H39,2) -> 4.46
A40: Composição Auxiliar | B40: 89748 | C40: SINAPI | D40: CURVA CURTA 90 GRAUS, PVC, SERIE NORMAL, ESGOTO PREDIAL, DN 100 MM, JUNTA ELÁSTICA, FORNECIDO E INSTALADO EM RAMAL DE DESCARGA OU RAMAL DE ESGOTO SANITÁRIO. AF_08/2022 | E40: INHI - INSTALAÇÕES HIDROS SANITÁRIAS | F40: UN | G40: 0.0522 | H40: 38.03 | I40: =ROUND(G40*H40,2) -> 1.99
A41: Composição Auxiliar | B41: 98679 | C41: SINAPI | D41: PISO CIMENTADO, TRAÇO 1:3 (CIMENTO E AREIA), ACABAMENTO LISO, ESPESSURA 2,0 CM, PREPARO MECÂNICO DA ARGAMASSA. AF_09/2020 | E41: PISO - PISOS | F41: m² | G41: 0.5134 | H41: 32.349971 | I41: =ROUND(G41*H41,2) -> 16.61
A42: Composição Auxiliar | B42: 91967 | C42: SINAPI | D42: INTERRUPTOR SIMPLES (3 MÓDULOS), 10A/250V, INCLUINDO SUPORTE E PLACA - FORNECIMENTO E INSTALAÇÃO. AF_03/2023 | E42: INEL - INSTALAÇÃO ELÉTRICA/ELETRIFICAÇÃO E ILUMINAÇÃO EXTERNA | F42: UN | G42: 0.0174 | H42: 54.55 | I42: =ROUND(G42*H42,2) -> 0.95
A43: Composição Auxiliar | B43: 92543 | C43: SINAPI | D43: TRAMA DE MADEIRA COMPOSTA POR TERÇAS PARA TELHADOS DE ATÉ 2 ÁGUAS PARA TELHA ONDULADA DE FIBROCIMENTO, METÁLICA, PLÁSTICA OU TERMOACÚSTICA, INCLUSO TRANSPORTE VERTICAL. AF_07/2019 | E43: COBE - COBERTURA | F43: m² | G43: 1.3566 | H43: 31.49 | I43: =ROUND(G43*H43,2) -> 42.72
A44: Composição Auxiliar | B44: 92981 | C44: SINAPI | D44: CABO DE COBRE FLEXÍVEL ISOLADO, 16 MM², ANTI-CHAMA 450/750 V, PARA DISTRIBUIÇÃO - FORNECIMENTO E INSTALAÇÃO. AF_12/2015 | E44: INEL - INSTALAÇÃO ELÉTRICA/ELETRIFICAÇÃO E ILUMINAÇÃO EXTERNA | F44: M | G44: 0.2611 | H44: 12.43 | I44: =ROUND(G44*H44,2) -> 3.25
A45: Composição Auxiliar | B45: 98442 | C45: SINAPI | D45: PAREDE DE MADEIRA COMPENSADA PARA CONSTRUÇÃO TEMPORÁRIA EM CHAPA SIMPLES, EXTERNA, COM ÁREA LÍQUIDA MENOR QUE 6 M², SEM VÃO. AF_05/2018 | E45: CANT - CANTEIRO DE OBRAS | F45: m² | G45: 0.3007 | H45: 180.74 | I45: =ROUND(G45*H45,2) -> 54.35
A46: Composição Auxiliar | B46: 98445 | C46: SINAPI | D46: PAREDE DE MADEIRA COMPENSADA PARA CONSTRUÇÃO TEMPORÁRIA EM CHAPA SIMPLES, EXTERNA, COM ÁREA LÍQUIDA MAIOR OU IGUAL A 6 M², COM VÃO. AF_05/2018 | E46: CANT - CANTEIRO DE OBRAS | F46: m² | G46: 0.4081 | H46: 216.44 | I46: =ROUND(G46*H46,2) -> 88.33
A47: Composição Auxiliar | B47: 92000 | C47: SINAPI | D47: TOMADA BAIXA DE EMBUTIR (1 MÓDULO), 2P+T 10 A, INCLUINDO SUPORTE E PLACA - FORNECIMENTO E INSTALAÇÃO. AF_03/2023 | E47: INEL - INSTALAÇÃO ELÉTRICA/ELETRIFICAÇÃO E ILUMINAÇÃO EXTERNA | F47: UN | G47: 0.0348 | H47: 27.91 | I47: =ROUND(G47*H47,2) -> 0.97
A48: Composição Auxiliar | B48: 95805 | C48: SINAPI | D48: CONDULETE DE PVC, TIPO B, PARA ELETRODUTO DE PVC SOLDÁVEL DN 25 MM (3/4''), APARENTE - FORNECIMENTO E INSTALAÇÃO. AF_10/2022 | E48: INEL - INSTALAÇÃO ELÉTRICA/ELETRIFICAÇÃO E ILUMINAÇÃO EXTERNA | F48: UN | G48: 0.0174 | H48: 21.63 | I48: =ROUND(G48*H48,2) -> 0.38
A49: Composição Auxiliar | B49: 87903 | C49: SINAPI | D49: CHAPISCO APLICADO EM ALVENARIA (COM PRESENÇA DE VÃOS) E ESTRUTURAS DE CONCRETO DE FACHADA, COM ROLO PARA TEXTURA ACRÍLICA. ARGAMASSA INDUSTRIALIZADA COM PREPARO EM MISTURADOR 300 KG. AF_10/2022 | E49: REVE - REVESTIMENTO E TRATAMENTO DE SUPERFÍCIES | F49: m² | G49: 0.1681 | H49: 9.59 | I49: =ROUND(G49*H49,2) -> 1.61
... A113: Insumo | B113: 21112 | C113: SINAPI | D113: VALVULA DE DESCARGA EM METAL CROMADO PARA MICTORIO COM ACIONAMENTO POR PRESSAO E FECHAMENTO AUTOMATICO | E113: Material | F113: UN | G113: 0.0174 | H113: 228.16 | I113: =ROUND(G113*H113,2) -> 3.97
H114: Valor com BDI => | I114: =ROUND(I37*(1+0.2607),2) -> 1271.92
F115: Quant. => | G115: =Planilha!F15 -> 8 | H115: Preço Total => | I115: =G115*I114 -> 10175.36
A116: 2.5 | B116: Código | C116: Banco | D116: Descrição | E116: Tipo | F116: Und | G116: Quant. | H116: Valor Unit | I116: Total
A117: Composição | B117: 73805/001 | C117: SINAPI | D117: BARRACAO DE OBRA PARA ALOJAMENTO/ESCRITORIO, PISO EM PINHO 3A, PAREDES EM COMPENSADO 10MM, COBERTURA EM TELHA FIBROCIMENTO 6MM, INCLUSO INSTALACOES ELETRICAS E ESQUADRIAS. REAPROVEITADO 5 VEZES | E117: CANT - CANTEIRO DE OBRAS | F117: m² | G117: 1 | H117: =SUM(I118:I148) -> 508 | I117: =H117*G117 -> 508
A118: Composição Auxiliar | B118: 92873 | C118: SINAPI | D118: LANÇAMENTO COM USO DE BALDES, ADENSAMENTO E ACABAMENTO DE CONCRETO EM ESTRUTURAS. AF_12/2015 | E118: FUES - FUNDAÇÕES E ESTRUTURAS | F118: m³ | G118: 0.015 | H118: 184.591 | I118: =ROUND(G118*H118,2) -> 2.77
A119: Composição Auxiliar | B119: 88261 | C119: SINAPI | D119: CARPINTEIRO DE ESQUADRIA COM ENCARGOS COMPLEMENTARES | E119: SEDI - SERVIÇOS DIVERSOS | F119: H | G119: 6.34 | H119: 27.53 | I119: =ROUND(G119*H119,2) -> 174.54
A120: Composição Auxiliar | B120: 88251 | C120: SINAPI | D120: AUXILIAR DE SERRALHEIRO COM ENCARGOS COMPLEMENTARES | E120: SEDI - SERVIÇOS DIVERSOS | F120: H | G120: 0.07 | H120: 19.72 | I120: =ROUND(G120*H120,2) -> 1.38
A121: Composição Auxiliar | B121: 88264 | C121: SINAPI | D121: ELETRICISTA COM ENCARGOS COMPLEMENTARES | E121: SEDI - SERVIÇOS DIVERSOS | F121: H | G121: 0.3 | H121: 25.02 | I121: =ROUND(G121*H121,2) -> 7.51
A122: Composição Auxiliar | B122: 88315 | C122: SINAPI | D122: SERRALHEIRO COM ENCARGOS COMPLEMENTARES | E122: SEDI - SERVIÇOS DIVERSOS | F122: H | G122: 0.07 | H122: 24.51 | I122: =ROUND(G122*H122,2) -> 1.72
A123: Composição Auxiliar | B123: 6045 | C123: SINAPI | D123: CONCRETO FCK=15MPA, PREPARO COM BETONEIRA, SEM LANCAMENTO | E123: FUES - FUNDAÇÕES E ESTRUTURAS | F123: m³ | G123: 0.015 | H123: 477.36 | I123: =ROUND(G123*H123,2) -> 7.16
A124: Composição Auxiliar | B124: 88316 | C124: SINAPI | D124: SERVENTE COM ENCARGOS COMPLEMENTARES | E124: SEDI - SERVIÇOS DIVERSOS | F124: H | G124: 7.03 | H124: 17.78 | I124: =ROUND(G124*H124,2) -> 124.99
A125: Composição Auxiliar | B125: 73372 | C125: SINAPI | D125: PINHO DE TERCEIRA 1" X 12" E 1" X 9" | E125: SEDI - SERVIÇOS DIVERSOS | F125: m² | G125: 1.02 | H125: 88 | I125: =ROUND(G125*H125,2) -> 89.76
A126: Composição Auxiliar | B126: 73465 | C126: SINAPI | D126: PISO CIMENTADO E=1,5CM C/ARGAMASSA 1:3 CIMENTO AREIA ALISADO COLHER SOBRE BASE EXISTENTE E ARGAMASSA EM PREPARO MECANIZADO | E126: PISO - PISOS | F126: m² | G126: 1 | H126: 41.63 | I126: =ROUND(G126*H126,2) -> 41.63
A127: Insumo | B127: 10952 | C127: SINAPI | D127: CANTONEIRA ACO ABAS IGUAIS (QUALQUER BITOLA), E = 1/8 " | E127: Material | F127: KG | G127: 0.303 | H127: 2.26 | I127: =ROUND(G127*H127,2) -> 0.68
A128: Insumo | B128: 12296 | C128: SINAPI | D128: SOQUETE DE PORCELANA BASE E27, FIXO DE TETO, PARA LAMPADAS | E128: Material | F128: UN | G128: 0.0461 | H128: 3.22 | I128: =ROUND(G128*H128,2) -> 0.15
A129: Insumo | B129: 10555 | C129: SINAPI | D129: PORTA DE MADEIRA, FOLHA MEDIA (NBR 15930) DE 800 X 2100 MM, DE 35 MM A 40 MM DE ESPESSURA, NUCLEO SEMI-SOLIDO (SARRAFEADO), CAPA LISA EM HDF, ACABAMENTO EM PRIMER PARA PINTURA | E129: Material | F129: UN | G129: 0.0115 | H129: 184.07 | I129: =ROUND(G129*H129,2) -> 2.12
... A148: Insumo | B148: 12128 | C148: SINAPI | D148: INTERRUPTOR SIMPLES 10A, 250V, CONJUNTO MONTADO PARA SOBREPOR 4" X 2" (CAIXA + MODULO) | E148: Material | F148: UN | G148: 0.023 | H148: 8.66 | I148: =ROUND(G148*H148,2) -> 0.2
H149: Valor com BDI => | I149: =ROUND(I117*(1+0.2607),2) -> 640.44
F150: Quant. => | G150: =Planilha!F16 -> 9 | H150: Preço Total => | I150: =G150*I149 -> 5763.96
A151: 3 | D151: ALVENARIAS E DIVISÕES
A152: 3.1 | D152: ALVENARIA
A153: 3.1.1 | B153: Código | C153: Banco | D153: Descrição | E153: Tipo | F153: Und | G153: Und | H153: Valor Unit | I153: Total
A154: Composição | B154: ED-48232 | C154: SETOP | D154: ALVENARIA DE VEDAÇÃO COM TIJOLO CERÂMICO FURADO, ESP. 14CM, PARA REVESTIMENTO, INCLUSIVE ARGAMASSA PARA ASSENTAMENTO | E154: ED- | F154: m² | G154: 1 | H154: =SUM(I155:I158) -> 61.65 | I154: =H154*G154 -> 61.65
A155: Composição Auxiliar | B155: 88316 | C155: SINAPI | D155: SERVENTE COM ENCARGOS COMPLEMENTARES | E155: SEDI - SERVIÇOS DIVERSOS | F155: H | G155: 0.3594771 | H155: 17.78 | I155: =ROUND(G155*H155,2) -> 6.39
A156: Composição Auxiliar | B156: ED-48306 | C156: SETOP | D156: ARGAMASSA, TRAÇO 1:7 (CIMENTO E AREIA), COM PREPARO MECANIZADO | E156: ED- | F156: m³ | G156: 0.012936 | H156: 371.29 | I156: =ROUND(G156*H156,2) -> 4.8
A157: Composição Auxiliar | B157: 88309 | C157: SINAPI | D157: PEDREIRO COM ENCARGOS COMPLEMENTARES | E157: SEDI - SERVIÇOS DIVERSOS | F157: H | G157: 0.7189542 | H157: 24.74 | I157: =ROUND(G157*H157,2) -> 17.79
A158: Insumo | B158: MATED-12370 | C158: SETOP | D158: TIJOLO CERÂMICO FURADO ( TIPO: VEDAÇÃO| QUANTIDADE DE FUROS: 12| LARGURA: 14CM| COMPRIMENTO: 29CM| ALTURA: 19CM) | E158: Material | F158: un | G158: 17.37931 | H158: 1.88 | I158: =ROUND(G158*H158,2) -> 32.67
H159: Valor com BDI => | I159: =ROUND(I154*(1+0.2607),2) -> 77.72
F160: Quant. => | G160: =Planilha!F19 -> 139.46 | H160: Preço Total => | I160: =G160*I159 -> 10838.831
A161: 3.1.2 | B161: Código | C161: Banco | D161: Descrição | E161: Tipo | F161: Und | G161: Und | H161: Valor Unit | I161: Total
A162: Composição | B162: 93183 | C162: SINAPI | D162: VERGA PRÉ-MOLDADA PARA JANELAS COM MAIS DE 1,5 M DE VÃO. AF_03/2016 | E162: FUES - FUNDAÇÕES E ESTRUTURAS | F162: m² | G162: 1 | H162: =SUM(I163:I170) -> 71.28 | I162: =H162*G162 -> 71.28
A163: Composição Auxiliar | B163: 88316 | C163: SINAPI | D163: SERVENTE COM ENCARGOS COMPLEMENTARES | E163: SEDI - SERVIÇOS DIVERSOS | F163: H | G163: 0.094 | H163: 17.78 | I163: =ROUND(G163*H163,2) -> 1.67
A164: Composição Auxiliar | B164: 94970 | C164: SINAPI | D164: CONCRETO FCK = 20MPA, TRAÇO 1:2,7:3 (EM MASSA SECA DE CIMENTO/ AREIA MÉDIA/ BRITA 1) - PREPARO MECÂNICO COM BETONEIRA 600 L. AF_05/2021 | E164: FUES - FUNDAÇÕES E ESTRUTURAS | F164: m³ | G164: 0.024 | H164: 419.53 | I164: =ROUND(G164*H164,2) -> 10.07
A165: Composição Auxiliar | B165: 92270 | C165: SINAPI | D165: FABRICAÇÃO DE FÔRMA PARA VIGAS, COM MADEIRA SERRADA, E = 25 MM. AF_09/2020 | E165: FUES - FUNDAÇÕES E ESTRUTURAS | F165: m² | G165: 0.79 | H165: 61.78 | I165: =ROUND(G165*H165,2) -> 48.81
A166: Composição Auxiliar | B166: 92802 | C166: SINAPI | D166: CORTE E DOBRA DE AÇO CA-50, DIÂMETRO DE 8,0 MM. AF_06/2022 | E166: FUES - FUNDAÇÕES E ESTRUTURAS | F166: KG | G166: 0.79 | H166: 8.9 | I166: =ROUND(G166*H166,2) -> 7.03
A167: Composição Auxiliar | B167: 88309 | C167: SINAPI | D167: PEDREIRO COM ENCARGOS COMPLEMENTARES | E167: SEDI - SERVIÇOS DIVERSOS | F167: H | G167: 0.068 | H167: 24.71 | I167: =ROUND(G167*H167,2) -> 1.68
A168: Composição Auxiliar | B168: 87294 | C168: SINAPI | D168: ARGAMASSA TRAÇO 1:2:9 (EM VOLUME DE CIMENTO, CAL E AREIA MÉDIA ÚMIDA) PARA EMBOÇO/MASSA ÚNICA/ASSENTAMENTO DE ALVENARIA DE VEDAÇÃO, PREPARO MECÂNICO COM BETONEIRA 600 L. AF_08/2019 | E168: SEDI - SERVIÇOS DIVERSOS | F168: m³ | G168: 0.0019 | H168: 473.5 | I168: =ROUND(G168*H168,2) -> 0.9
A169: Insumo | B169: 2692 | C169: SINAPI | D169: DESMOLDANTE PROTETOR PARA FORMAS DE MADEIRA, DE BASE OLEOSA EMULSIONADA EM AGUA | E169: Material | F169: L | G169: 0.007 | H169: 5.33 | I169: =ROUND(G169*H169,2) -> 0.04
A170: Insumo | B170: 39017 | C170: SINAPI | D170: ESPACADOR / DISTANCIADOR CIRCULAR COM ENTRADA LATERAL, EM PLASTICO, PARA VERGALHAO *4,2 A 12,5* MM, COBRIMENTO 20 MM | E170: Material | F170: UN | G170: 6 | H170: 0.18 | I170: =ROUND(G170*H170,2) -> 1.08
H171: Valor com BDI => | I171: =ROUND(I162*(1+0.2607),2) -> 89.86
F172: Quant. => | G172: =Planilha!F20 -> 2 | H172: Preço Total => | I172: =G172*I171 -> 179.72
A173: 3.1.3 | B173: Código | C173: Banco | D173: Descrição | E173: Tipo | F173: Und | G173: Quant. | H173: Valor Unit | I173: Total
A174: Composição | B174: 93195 | C174: SINAPI | D174: CONTRAVERGA PRÉ-MOLDADA PARA VÃOS DE MAIS DE 1,5 M DE COMPRIMENTO. AF_03/2016 | E174: FUES - FUNDAÇÕES E ESTRUTURAS | F174: M | G174: 1 | H174: =SUM(I175:I182) -> 67.74 | I174: =H174*G174 -> 67.74
A175: Composição Auxiliar | B175: 88309 | C175: SINAPI | D175: PEDREIRO COM ENCARGOS COMPLEMENTARES | E175: SEDI - SERVIÇOS DIVERSOS | F175: H | G175: 0.068 | H175: 24.71 | I175: =ROUND(G175*H175,2) -> 1.68
A176: Composição Auxiliar | B176: 92270 | C176: SINAPI | D176: FABRICAÇÃO DE FÔRMA PARA VIGAS, COM MADEIRA SERRADA, E = 25 MM. AF_09/2020 | E176: FUES - FUNDAÇÕES E ESTRUTURAS | F176: m² | G176: 0.213 | H176: 224.88244 | I176: =ROUND(G176*H176,2) -> 47.9
A177: Composição Auxiliar | B177: 92801 | C177: SINAPI | D177: CORTE E DOBRA DE AÇO CA-50, DIÂMETRO DE 6,3 MM. AF_06/2022 | E177: FUES - FUNDAÇÕES E ESTRUTURAS | F177: KG | G177: 0.49 | H177: 8.96 | I177: =ROUND(G177*H177,2) -> 4.39
A178: Composição Auxiliar | B178: 88316 | C178: SINAPI | D178: SERVENTE COM ENCARGOS COMPLEMENTARES | E178: SEDI - SERVIÇOS DIVERSOS | F178: H | G178: 0.094 | H178: 17.78 | I178: =ROUND(G178*H178,2) -> 1.67
A179: Composição Auxiliar | B179: 87294 | C179: SINAPI | D179: ARGAMASSA TRAÇO 1:2:9 (EM VOLUME DE CIMENTO, CAL E AREIA MÉDIA ÚMIDA) PARA EMBOÇO/MASSA ÚNICA/ASSENTAMENTO DE ALVENARIA DE VEDAÇÃO, PREPARO MECÂNICO COM BETONEIRA 600 L. AF_08/2019 | E179: SEDI - SERVIÇOS DIVERSOS | F179: m³ | G179: 0.0019 | H179: 473.5 | I179: =ROUND(G179*H179,2) -> 0.9
A180: Composição Auxiliar | B180: 94970 | C180: SINAPI | D180: CONCRETO FCK = 20MPA, TRAÇO 1:2,7:3 (EM MASSA SECA DE CIMENTO/ AREIA MÉDIA/ BRITA 1) - PREPARO MECÂNICO COM BETONEIRA 600 L. AF_05/2021 | E180: FUES - FUNDAÇÕES E ESTRUTURAS | F180: m³ | G180: 0.024 | H180: 419.95 | I180: =ROUND(G180*H180,2) -> 10.08
A181: Insumo | B181: 39017 | C181: SINAPI | D181: ESPACADOR / DISTANCIADOR CIRCULAR COM ENTRADA LATERAL, EM PLASTICO, PARA VERGALHAO *4,2 A 12,5* MM, COBRIMENTO 20 MM | E181: Material | F181: UN | G181: 6 | H181: 0.18 | I181: =ROUND(G181*H181,2) -> 1.08
A182: Insumo | B182: 2692 | C182: SINAPI | D182: DESMOLDANTE PROTETOR PARA FORMAS DE MADEIRA, DE BASE OLEOSA EMULSIONADA EM AGUA | E182: Material | F182: L | G182: 0.007 | H182: 5.33 | I182: =ROUND(G182*H182,2) -> 0.04
H183: Valor com BDI => | I183: =ROUND(I174*(1+0.2607),2) -> 85.4
F184: Quant. => | G184: =Planilha!F21 -> 2 | H184: Preço Total => | I184: =G184*I183 -> 170.8
...
